 Dungeon Crawl Stone Soup version 0.19.0-19-g8c6edcc (webtiles) character file.

5873 kae the Basher (level 11, -4/75 HPs)
             Began as a Formicid Fighter on Nov 14, 2016.
             Was a High Priest of Okawaru.
             Slain by a manticore (8 damage)
             ... on level 7 of the Dungeon.
             The game lasted 00:08:45 (8072 turns).

kae the Basher (Formicid Fighter)                   Turns: 8072, Time: 00:08:45

Health: -4/75      AC: 12    Str: 22 (23) XL:     11   Next: 8%
Magic:  16/16      EV:  4    Int:  6 (9)  God:    Okawaru [*****.]
Gold:   430        SH: 14    Dex:  8 (10) Spells: 0 memorised, 10 levels left

rFire  . . .     SeeInvis +     G - +3 flail
rCold  . . .     Gourm    .     P - +1 plate armour
rNeg   . . .     Faith    .     c - +0 shield
rPois  .         Spirit   .     (helmet unavailable)
rElec  .         Reflect  +     (no cloak)
rCorr  .         Harm     .     (no gloves)
MR     +....                    (no boots)
Stlth  ..........               r - +5 amulet of reflection
                                (no ring)
                                (no ring)

@: barbed spikes
A: permanent stasis, dig shafts and tunnels, four strong arms, antennae 3
a: Dig, Shaft Self, Heroism, Finesse, Renounce Religion


You were on level 7 of the Dungeon.
You worshipped Okawaru.
Okawaru was extremely pleased with you.
You were not hungry.

You visited 1 branch of the dungeon, and saw 9 of its levels.

You collected 430 gold pieces.

Inventory:

Hand Weapons
 a - a +0 flail
 G - a +3 flail (weapon)
Armour
 c - a +0 shield (worn)
 P - a +1 plate armour (worn)
Rods
 d - a +0 rod of shadows (10/10)
   (You found it on level 8 of the Dungeon)
Jewellery
 r - a +5 amulet of reflection (around neck)
 t - an uncursed ring of ice
Wands
 I - a wand of slowing (32/48)
 J - a wand of flame (21/48)
 L - a wand of polymorph (9/24)
Scrolls
 g - a scroll of fog
 n - 2 scrolls of enchant armour
 o - a scroll of noise
 s - 3 scrolls of identify
 y - a scroll of magic mapping
 F - a scroll of remove curse
Potions
 i - 2 potions of lignification
 j - a potion of berserk rage
 k - 2 potions of heal wounds {unknown}
 l - 2 potions of degeneration
 m - 2 potions of ambrosia {unknown}
 v - a potion of flight {unknown}
 w - a potion of haste {unknown}
 z - 2 potions of agility {unknown}
 E - a potion of cancellation {unknown}
 M - a potion of mutation {unknown}
 N - a potion of curing {unknown}
Comestibles
 f - 7 bread rations
 h - 6 meat rations
 q - 3 royal jellies
 x - 7 fruits
 B - 4 beef jerkies
 D - 8 slices of pizza


   Skills:
 - Level 3.2 Fighting
 * Level 13.9 Maces & Flails
 - Level 3.2 Armour
 - Level 3.6 Shields
 + Level 7.9 Invocations


You had 10 spell levels left.
You didn't know any spells.

Dungeon Overview and Level Annotations

Branches:
Dungeon (9/15)             Temple (0/1) D:6            Lair (0/6) D:8
    Orc: D:9-12

Altars:
Nemelex Xobeh
Okawaru
Sif Muna
Vehumet


Innate Abilities, Weirdness & Mutations

You are under a permanent stasis effect.
You can dig through walls and to a lower floor.
Your four strong arms can wield two-handed weapons with a shield.
You have a pair of large antennae on your head. (SInv)


Message History

The volley of spikes hits you!
The manticore flicks its tail.
The volley of spikes hits you!
The barbed spikes become lodged in your body.
The manticore flicks its tail.
The volley of spikes hits you!
The barbed spikes become lodged in your body.
The manticore flicks its tail.
The volley of spikes hits you!
The barbed spikes become lodged in your body.
* * * LOW HITPOINT WARNING * * *
It was a potion of berserk rage.
You cannot go berserk while under stasis.
It was a potion of degeneration.
There was something very wrong with that liquid.
You feel weakened.
You feel dopey.
You feel clumsy. The manticore bites you.
* * * LOW HITPOINT WARNING * * *
The manticore claws you!
You die...

....#,,,,,,,,,#.##)#).#....#..#
#...#****,*,**#[.###..#.#..#..#
#...#*,,,,*,,*#.......#.#..#..#
#.#.#*,,*{*,,*##.....##.#.##..#
#.#.#****,**** ###..##..#.#...#
#>#.#***#,** ###)#####.#.#.#
#...#*,,..,* ##.....###.#.#.#
....#,,*...** ##.......##.#.#.###
....#,**#...###[@.###...#........
....#,,*......#H.## ##..#..#<.###
....#,{,.........# #..#..#..#
....#,{,...#..#..## ##..#..#..#
###.#**{,,*##.#...###...#..#..#
#.# **,,,*.,##.......##..#..# #.#
*,,,.,**##.....###..#..#
#.#####################..#..#
#........................#..###


You could see a manticore.

Vanquished Creatures
  A hill giant (D:7)
  Pikel (D:7)
  An ugly thing (D:7)
  Joseph (D:7)
  A freezing wraith (D:7)
  Prince Ribbit (D:9)
  A blink frog (D:7)
  A hippogriff (D:9)
  A human (D:7)
  4 hogs (D:7)
  Duvessa (D:4)
  An orc warrior (D:7)
  3 sky beasts
  4 slaves (D:7)
  A necrophage (D:5)
  2 ogres
  2 phantoms
  A centaur (D:6)
  5 bullfrogs
  Blork the orc (D:4)
  Dowan (D:4)
  3 scorpions
  5 wights (D:6)
  A crimson imp (D:5)
  A centaur zombie (D:7)
  2 jellies (D:7)
  A centaur skeleton (D:5)
  2 orc priests
  3 hounds
  5 orc wizards
  Natasha (thrice) (D:4)
  3 iguanas
  6 worker ants
  A hound skeleton (D:4)
  Robin (D:2)
  8 adders
  An adder zombie (D:5)
  An adder skeleton (D:4)
  3 worms (D:2)
  2 dart slugs (D:1)
  10 leopard geckos
  16 orcs
  7 giant cockroaches
  13 goblins
  10 hobgoblins
  14 jackals
  4 quokkas
  7 bats
  2 frilled lizards
  A jackal zombie (D:6)
  10 kobolds
  9 rats
190 creatures vanquished.

Notes
Turn   | Place    | Note
-------+----------+-------------------------------------------
     0 | D:1      | kae the Formicid Fighter began the quest for the Orb.
     0 | D:1      | Reached XP level 1. HP: 18/18 MP: 1/1
   137 | D:1      | Reached XP level 2. HP: 24/24 MP: 2/2
   474 | D:1      | Reached skill level 3 in Maces & Flails
   566 | D:1      | Reached XP level 3. HP: 28/29 MP: 3/3
  1204 | D:2      | Reached XP level 4. HP: 15/35 MP: 4/4
  1217 | D:2      | Reached skill level 4 in Maces & Flails
  1288 | D:2      | Found an iron altar of Okawaru.
  1341 | D:2      | Became a worshipper of Warmaster Okawaru
  1684 | D:2      | Noticed Robin
  1697 | D:2      | Killed Robin
  2081 | D:2      | Reached XP level 5. HP: 41/41 MP: 5/5
  2505 | D:3      | Found a radiant altar of Vehumet.
  2512 | D:3      | Reached skill level 5 in Maces & Flails
  2800 | D:3      | You fall through a shaft for 2 floors!
  2800 | D:5      | Entered Level 5 of the Dungeon
  2832 | D:5      | Noticed a necrophage
  2833 | D:5      | Noticed an ogre
  2855 | D:5      | Killed a necrophage
  2855 | D:5      | Reached XP level 6. HP: 31/47 MP: 6/6
  2858 | D:5      | Killed an ogre
  2858 | D:5      | Reached skill level 6 in Maces & Flails
  2861 | D:5      | HP: 2/47 [orc wizard/magic dart (7)]
  2866 | D:5      | Reached * piety under Okawaru
  3258 | D:5      | Reached skill level 7 in Maces & Flails
  3258 | D:5      | Reached XP level 7. HP: 47/52 MP: 7/7
  3514 | D:5      | Reached skill level 8 in Maces & Flails
  3550 | D:4      | Found a sparkling altar of Nemelex Xobeh.
  3550 | D:4      | Noticed Duvessa
  3551 | D:4      | Noticed Dowan
  3572 | D:4      | Killed Duvessa
  3572 | D:4      | Reached ** piety under Okawaru
  3572 | D:4      | Reached XP level 8. HP: 37/58 MP: 6/8
  3577 | D:4      | Killed Dowan
  3878 | D:4      | Reached skill level 9 in Maces & Flails
  3921 | D:4      | Noticed Natasha
  3935 | D:4      | Killed Natasha
  4258 | D:4      | Noticed Blork the orc
  4268 | D:4      | Killed Blork the orc
  4503 | D:4      | Noticed Natasha
  4513 | D:4      | Killed Natasha
  4531 | D:4      | Found a deep blue altar of Sif Muna.
  4545 | D:4      | Noticed Natasha
  4553 | D:4      | Killed Natasha
  5266 | D:6      | Reached skill level 10 in Maces & Flails
  5439 | D:6      | Reached XP level 9. HP: 60/64 MP: 6/9
  5495 | D:6      | Found a staircase to the Ecumenical Temple.
  5684 | D:6      | Reached skill level 1 in Invocations
  6053 | D:7      | Reached skill level 11 in Maces & Flails
  6268 | D:7      | Reached *** piety under Okawaru
  6323 | D:7      | Noticed Pikel
  6342 | D:7      | Killed Pikel
  6534 | D:7      | Reached **** piety under Okawaru
  6552 | D:7      | Reached skill level 12 in Maces & Flails
  6626 | D:7      | Reached XP level 10. HP: 69/70 MP: 10/13
  6636 | D:7      | Reached skill level 5 in Invocations
  6753 | D:7      | Noticed Joseph
  6776 | D:7      | Killed Joseph
  6776 | D:7      | Reached skill level 13 in Maces & Flails
  6816 | D:7      | Noticed a green ugly thing
  6835 | D:7      | Killed a green ugly thing
  7255 | D:7      | Noticed a freezing wraith
  7256 | D:7      | Noticed a hill giant
  7263 | D:7      | You fall through a shaft for 2 floors!
  7263 | D:9      | Noticed Prince Ribbit
  7281 | D:9      | Killed Prince Ribbit
  7817 | D:8      | Found a staircase to the Lair.
  7991 | D:7      | Killed a freezing wraith
  8008 | D:7      | Killed a hill giant
  8008 | D:7      | Reached ***** piety under Okawaru
  8008 | D:7      | Reached XP level 11. HP: 64/75 MP: 16/16
  8059 | D:7      | Noticed a manticore
  8072 | D:7      | Slain by a manticore

Skill      XL: |  1  2  3  4  5  6  7  8  9 10 |
---------------+-------------------------------+-----
Maces & Flails | 3 4 5 7 8 10 12 13 | 13.9
Invocations    | 4 7 |  7.9
Fighting       | |  3.2
Armour         | |  3.2
Shields        | |  3.6

Action                   |  1- 3 |  4- 6 |  7- 9 | 10-12 || total
-------------------------+-------+-------+-------+-------++-------
Melee: Flail             |   124 |   195 |   377 |   157 ||   853
Invok: Heroism           |       |       |     8 |     6 ||    14
 Abil: Dig               |     1 |     2 |     2 |     2 ||     7
       Shaft Self        |       |       |       |     1 ||     1
  Use: Potion            |       |     1 |       |     4 ||     5
       Scroll            |       |       |       |    10 ||    10
  Eat: Chunk             |     1 |     7 |    12 |     5 ||    25
Armor: Scale mail        |    57 |    67 |    48 |     7 ||   179
       Plate armour      |       |       |       |    23 ||    23
Dodge: Dodged            |    41 |    54 |    60 |    33 ||   188
Block: Shield            |    67 |   117 |   213 |    84 ||   481
       Reflection        |       |     4 |     3 |     3 ||    10
